Get step-by-step instructions on how to execute this build order below. Start the game timer, and the build order will tick by so you can play in parallel with StarCraft on a second screen or mobile device.

Game Time

  0:00

Last Step

  N/A

Next Step

  12  0:01  SCV  

Upcoming Step

  13  0:13  SCV  

Don't want to look back and forth between 2 screens? Try out our Overwolf App, the Spawning Tool Build Advisor to get an in-game overlay with this build!

Complete Build Order

  12  0:01  SCV  
  13  0:13  SCV  
  14  0:20  Supply Depot  
  14  0:25  SCV  
  15  0:41  SCV  
  16  0:47  Barracks  
  16  0:54  SCV  
  17  1:06  SCV  
  18  1:18  Refinery  
  18  1:20  SCV  
  19  1:32  SCV  
  20  1:34  Marine  
  20  1:39  Barracks  
  21  1:52  Supply Depot, Marine  
  21  1:53  SCV  
  23  2:14  SCV  
  23  2:15  Marine  
  25  2:27  Barracks Tech Lab  
  25  2:30  SCV  
  25  2:34  Refinery  
  26  2:40  Factory  
  26  2:42  SCV  
  27  3:01  Command Center  
  27  3:02  Marine  
  28  3:10  Barracks Reactor  
  29  3:13  Orbital Command  
  28  3:20  Marine  
  28  3:26  Engineering Bay  
  29  3:32  Supply Depot  
  29  3:36  Factory Tech Lab  
  29  3:38  Marine  
  30  3:53  Marine x2  
  30  3:55  Supply Depot  
  32  3:56  Combat Shields  
  32  4:01  Marauder  
  34  4:18  Supply Depot, Starport  
  34  4:21  Hellion  
  34  4:23  Marine  
  37  4:25  SCV  
  37  4:28  SCV  
  39  4:35  Refinery  
  39  4:40  SCV, Marine  
  39  4:43  Hellion  
  43  4:59  Factory  
  43  5:08  Supply Depot  
  43  5:15  Concussive Shells  
  43  5:16  SCV  
  43  5:18  SCV  
  45  5:30  Terran Infantry Weapons Level 1  
  45  5:32  Supply Depot  
  45  5:37  Hellion  
  45  5:39  Marine x2  
  49  5:44  Marauder  
  49  5:46  Starport  
  49  5:47  Medivac  
  53  5:51  Factory Tech Lab  
  53  5:54  SCV  
  53  5:56  SCV  
  55  5:58  Stimpack  
  55  6:04  Marine  
  55  6:06  SCV, Marauder  
  55  6:08  SCV  
  60  6:19  Siege Tank  
  60  6:24  Marine x2  
  65  6:30  SCV  
  66  6:39  Supply Depot  
  66  6:42  SCV  
  67  6:52  Siege Tank  
  70  6:54  SCV  
  71  7:02  Refinery  
  71  7:03  Supply Depot  
  71  7:04  SCV  
  71  7:06  SCV  
  71  7:07  Marine  
  74  7:16  SCV  
  74  7:18  SCV  
  76  7:24  Terran Infantry Armor Level 1  
  76  7:25  Siege Tank  
  76  7:26  Supply Depot  
  79  7:30  SCV  
  79  7:35  Marine x2  
  79  7:36  Marauder  
  84  7:42  SCV  
  85  7:46  Medivac  
  85  7:47  Medivac  
  85  7:48  Supply Depot  
  85  7:49  Siege Tank  
  92  7:53  Marine x2  
  92  7:57  Marauder  
  96  8:11  Supply Depot  
  96  8:14  Marine x2  
  96  8:16  Siege Tank  
  96  8:18  Medivac  
  96  8:19  Marauder  
  105  8:30  Planetary Fortress  
  105  8:34  Supply Depot  
  90  9:08  Marine x2  
  90  9:09  Marauder  
  87  9:11  Medivac x2  
  95  9:23  Siege Tank  
  94  9:33  Siege Tank, Marine  
  94  9:34  Marine  
  94  9:36  Marauder  
  101  9:41  Medivac x2  
  105  9:51  Marine x2  
  107  9:56  Siege Tank  
  110  10:09  Marine x2  
  110  10:11  Marine  
  113  10:16  Starport Tech Lab  
  113  10:17  Starport Tech Lab  
  113  10:27  Missile Turret, Marine  
  114  10:29  Marauder  
  114  10:31  Supply Depot  
  116  10:42  Marine  
  116  10:45  Marine  
  118  10:50  Marauder, Fusion Core  
  118  10:54  Supply Depot  
  120  11:00  Marine  
  120  11:03  Marine  
  122  11:11  Siege Tank x2  
  122  11:12  Marauder  
  122  11:14  Viking x2  
  122  11:17  Supply Depot  
  122  11:18  Marine  
  134  11:20  Marine  
  136  11:33  Marauder  
  136  11:36  Marine  
  136  11:38  Marine  
  140  11:43  Siege Tank x2  
  140  11:44  Viking  
  148  11:47  Command Center  
  148  11:54  Marauder, Marine  
  144  11:56  Marine  
  89  12:16  Marauder  
  89  12:20  Marine  
  89  12:21  Marine  
  90  12:29  Siege Tank  
  93  12:30  Siege Tank  
  93  12:33  Viking  
  98  12:37  Marauder  
  98  12:38  Marine x2  
  102  12:59  Marauder  
  102  13:02  Siege Tank x2  
  110  13:06  Banshee  
  110  13:10  Banshee  
  116  13:25  Supply Depot  
  116  13:42  SCV  
  116  13:48  Supply Depot  
  117  13:49  Banshee  
  117  13:53  Banshee, SCV  
  117  13:54  SCV  
  125  13:58  Marine x2  
  125  13:59  Marauder  
  129  14:05  SCV  
  129  14:06  SCV  
  129  14:07  Siege Tank x2  
  137  14:11  Supply Depot  
  137  14:16  Marine x2  
  139  14:17  SCV  
  139  14:18  SCV  
  139  14:21  Marauder  
  143  14:29  SCV  
  144  14:32  Banshee  
  144  14:34  Supply Depot  
  144  14:35  Banshee  
  150  14:59  Supply Depot  
  135  15:14  Banshee  
  135  15:19  Battlecruiser  
  130  15:32  Marine x3  
  133  15:49  Marine  
  133  15:50  Marine x2  
  136  15:57  Viking  
  138  16:08  Marauder  
  140  16:13  Command Center  
  140  16:23  Viking  
  142  16:27  Viking  
  144  16:41  Refinery  
  144  16:44  Refinery  
  144  16:53  Viking  
  146  16:57  Viking